 Dungeon Crawl Stone Soup version bcrawl-1.41 (webtiles) character file.

Game seed: 475823840638823281

433331 yrara the Basher (level 13, -7/111 HPs)
             Began as a Demonspawn Fighter on Apr 9, 2024.
             Was an Initiate of Gozag.
             Splashed by an oklob plant's acid (16 damage)
             ... on level 6 of the Lair of Beasts.
             The game lasted 00:17:04 (16470 turns).

yrara the Basher (Demonspawn Fighter)              Turns: 16470, Time: 00:17:05

Health: -7/111     AC: 18    Str: 27    XL:     13   Next: 48%
Magic:  0/7        EV: 11    Int: 10    God:    Gozag
Gold:   892        SH:  0    Dex: 16    Spells: 12/12 levels left

rFire    . . .     GDR:     35% a - +5 demon whip "Spellbinder" {antimagic, MR+}
rCold    + . .     SeeInvis .   (no shield)
rNeg     . . .     Gourm    .   d - +4 chain mail {rPois}
rPois    +         Faith    .   O - +0 helmet
rElec    .         Spirit   +   m - +1 cloak
rCorr    .         Reflect  .   k - +0 pair of gloves
MR       +....     Clarity  +   F - +0 pair of boots
Stlth    ..........             (no amulet)
HPRegen  0.28/turn              h - ring of protection from cold
MPRegen  0.10/turn              K - +7 ring of strength

@: corroded, gold aura
A: talons 2, agile 1, clarity, foul stench 1, robust 1, magic shield, rot
immunity
a: Potion Petition, Call Merchant, Bribe Branch, Renounce Religion


You were on level 6 of the Lair of Beasts.
You worshipped Gozag.
Gozag was pleased with you.
You were not hungry.

You visited 2 branches of the dungeon, and saw 16 of its levels.
You also visited: Sewer and Ice Cave.

You collected 3470 gold pieces.
You spent 2488 gold pieces at shops.
You paid 90 gold pieces to Gozag.

Inventory:

Hand Weapons
 a - the +5 demon whip "Spellbinder" (weapon) {antimagic, MR+}
   (You bought it in a shop on level 7 of the Dungeon)

   It reduces the magical energy of the wielder, and disrupts the spells and
   magical abilities of those hit.
   Natural abilities and divine invocations are not affected.
   It affects your resistance to hostile enchantments.
 b - a +0 shortbow of flaming
 P - a +2 dire flail of draining
Missiles
 g - 2457 arrows
 j - 5 throwing nets {=f}
Armour
 c - a +0 medium shield
 d - a +4 chain mail of poison resistance (worn)
 k - a +0 pair of gloves (worn)
 m - a +1 cloak (worn)
 F - a +0 pair of boots (worn)
 O - a +0 helmet (worn)
Jewellery
 h - a ring of protection from cold (left hand)
 o - an uncursed ring of stealth
 B - an uncursed ring of protection from magic
 E - a +2 ring of protection
 K - a +7 ring of strength (right hand)
 L - a +3 ring of dexterity
 Q - the ring "Plog" {Ice MR+}
   (You found it on level 4 of the Lair of Beasts)

   [ring of ice]

   It enhances your ice magic.
   It makes you vulnerable to fire.
   It protects you from cold.
   It affects your resistance to hostile enchantments.
Wands
 A - a wand of scattershot (11)
 D - a wand of acid (7)
 G - a wand of clouds (2)
 I - a wand of flame (6)
 N - a wand of charming (6)
Scrolls
 i - 3 scrolls of identify
 n - 7 scrolls of teleportation
 q - a scroll of fear
 r - 4 scrolls of fog
 s - 5 scrolls of remove curse
 C - a scroll of enchant weapon
 H - 2 scrolls of revelation
 J - 2 scrolls of enchant armour
Potions
 f - 4 potions of curing
 l - a potion of brilliance
 p - 2 potions of mutation
 t - 2 potions of magic
 u - 5 potions of heal wounds
 v - 5 potions of berserk rage
 w - 4 potions of flight
 x - 3 potions of might
 z - 2 potions of haste
 M - a potion of cancellation
 R - a potion of agility
Miscellaneous
 y - a lightning rod (4/4)
Comestibles
 e - 9 rations {!d}


   Skills:
 + Level 9.3 Fighting
 * Level 14.8 Maces & Flails
 * Level 8.2 Bows
 + Level 9.4 Armour
 + Level 3.5 Dodging
 + Level 1.6 Stealth
 - Level 2.6 Shields
 + Level 0.8 Evocations


You had 12 spell levels left.
You didn't know any spells.
Your spell library contained the following spells:

 Spells                   Type           Power        Failure   Level  Hunger
 Apportation              Tloc           #.....       87%         1    None
 Corona                   Hex            #......      87%         1    None
 Infusion                 Chrm           #.......     87%         1    None
 Sandblast                Erth           #.....       87%         1    None
 Slow                     Hex            #.......     87%         1    None
 Summon Butterflies       Summ           #.......     87%         1    None
 Poisonous Vapours        Pois/Air       #.....       95%         2    ####...
 Conjure Flame            Conj/Fire      #.......     99%         3    #####..
 Mephitic Cloud           Conj/Pois/Air  #.......     99%         3    #####..
 Bolt of Magma            Conj/Fire/Erth #.........   100%        5    #######
 Freezing Cloud           Ice/Air        #.......     100%        5    #######
 Metabolic Englaciation   Hex/Ice        #.........   100%        5    #######
 Steam Barrier            Chrm/Fire      #.........   100%        5    #######
 Bolt of Cold             Conj/Ice       #.........   100%        6    #######
 Iron Shot                Conj/Erth      #.........   100%        6    #######
 Ozocubu's Refrigeration  Ice            #.........   100%        6    #######
 Simulacrum               Ice/Necr       #.......     100%        6    #######
 Statue Form              Tmut/Erth      #........    100%        6    #######
 Haunt                    Necr/Summ      #.........   100%        7    #######
 Malign Gateway           Summ/Tloc      #.........   100%        7    #######
 Monstrous Menagerie      Summ           #.........   100%        7    #######
 Spellforged Servitor     Conj/Summ      #.........   100%        7    #######
 Summon Greater Demon     Summ           #.........   100%        7    #######
 Summon Horrible Things   Summ           #.........   100%        8    #######
 Shatter                  Erth           #.........   100%        9    #######


Dungeon Overview and Level Annotations

Branches:
Dungeon (10/12)            Temple (0/1) D:7            Lair (6/6) D:8
 Shoals (0/3) Lair:2        Snake (0/3) Lair:4          Elf (0/3) Lair:6
    Orc: D:8-11

Altars:
Fedhas
Gozag
Hepliaklqana
Makhleb
Uskayaw
Vehumet

Shops:
D:5 !(?(!   D:7 *   D:9 (   D:10 :

Annotations:
D:5 3 runed translucent doors, yrara's ghost, novice DsFi
Lair:2 3 runed translucent doors, xsansara's ghost, journeyman GnWz
Lair:6 exclusion: 2 oklob plants


Innate Abilities, Weirdness & Mutations

You have razor-sharp toenails.
You may emit foul miasma when damaged in melee.
When hurt, damage is shared between your health and your magic reserves.
You are immune to rotting.
You are agile. (Dex +2)
You possess an exceptional clarity of mind.
You are robust. (+10% HP)


Message History

The oklob plant is lightly damaged.
The oklob plant spits acid at you. The splash of acid hits you!
You are splashed with acid!
The oklob plant spits acid at you. The splash of acid hits you!
You are splashed with acid!
You whack the oklob plant!
The oklob plant is moderately damaged.
You whack the oklob plant!
The oklob plant is heavily damaged.
The oklob plant spits acid at you. The splash of acid hits you!
You are splashed with acid!
* * * LOW HITPOINT WARNING * * *
You whack the oklob plant!
The oklob plant is severely damaged.
The oklob plant spits acid at you. The splash of acid hits you!
* * * LOW HITPOINT WARNING * * *
You are splashed with acid!
You die...
Your body crumbles into a pile of gold.

##### ### #P$.####
######.####
#|(.#..####..#...P.##
#$$P#................
...#PP.#.#.#...........#
#....@.###....#.#...##
........### #....###...#.
........P #......#.#....
...#..... #.P............
............+............
....#..#####.....##..#...
...### #. .. .## ....


You could see 2 oklob plants.

Vanquished Creatures
  Gastronok (Lair:1)
  Harold (D:9)
  2 hydras
  3 two-headed ogres
  2 catoblepae
  A wolf spider zombie (D:9)
  2 ugly things (IceCv)
  12 elephants
  A black mamba (Lair:4)
  3 ice statues (IceCv)
  9 cane toads
  2 rime drakes
  9 komodo dragons
  Maurice (D:9)
  2 trolls
  A hornet (D:9)
  4 blink frogs
  5 hippogriffs
  A snapping turtle (Lair:2)
  A dream sheep (Lair:5)
  Sigmund (D:4)
  14 yaks
  13 crocodiles
  15 water moccasins
  3 orc warriors
  4 porcupines
  3 sky beasts
  7 ice beasts
  A hornet zombie (D:5)
  A phantom (D:5)
  17 wolves
  An ogre (D:7)
  4 kobold brigands
  11 bullfrogs
  6 centaurs
  A wyvern skeleton (D:8)
  2 scorpions
  An electric eel (Lair:2)
  3 wights (D:7)
  2 orc priests
  5 howler monkeys
  3 crimson imps
  A bullfrog zombie (D:5)
  7 hounds
  Crazy Yiuf (D:3)
  2 bullfrog skeletons
  3 jellies
  6 orc wizards
  An iguana (D:9)
  7 worker ants
  A killer bee zombie (D:7)
  A hound skeleton (D:4)
  3 hound zombies
  6 gnolls
  2 howler monkey skeletons
  16 adders
  A river rat (Sewer)
  3 shadow imps
  12 white imps (Lair:2)
  4 oozes
  3 adder skeletons
  3 worms
  4 dart slugs
  10 leopard geckos
  20 orcs
  6 ball pythons
  3 bats
  2 giant cockroaches (D:2)
  2 goblins
  5 hobgoblins
  12 jackals
  5 quokkas
  A frilled lizard (D:2)
  15 kobolds
  A quokka skeleton (D:3)
  3 rats
  A fungus (D:3)
  A plant (Lair:6)
355 creatures vanquished.

Vanquished Creatures (collateral kills)
  A cane toad (Lair:3)
  2 blink frogs (Lair:4)
  2 fungi
5 creatures vanquished.

Vanquished Creatures (others)
  A blink frog (Lair:5)
  A basilisk (Lair:4)
  2 fungi
4 creatures vanquished.

Grand Total: 364 creatures vanquished

Notes
Turn   | Place    | Note
-------+----------+-------------------------------------------
     0 | D:1      | yrara the Demonspawn Fighter began the quest for the Orb.
     0 | D:1      | Reached XP level 1. HP: 18/18 MP: 2/2
   203 | D:1      | Gained mutation: You have sharp toenails. [demonic
                  | ancestry]
   203 | D:1      | Reached XP level 2. HP: 21/24 MP: 3/3
   289 | D:1      | Reached skill level 2 in Maces & Flails
   784 | D:2      | Reached XP level 3. HP: 29/29 MP: 4/4
   908 | D:2      | Reached skill level 1 in Dodging
  1095 | D:2      | Found a radiant altar of Vehumet.
  1412 | D:3      | Noticed a scorpion
  1422 | D:3      | Killed a scorpion
  1423 | D:3      | Reached skill level 3 in Maces & Flails
  1423 | D:3      | Gained mutation: When hurt, damage is shared between your
                  | health and your magic reserves. [demonic ancestry]
  1423 | D:3      | Reached XP level 4. HP: 31/35 MP: 5/5
  1440 | D:3      | Found a blossoming altar of Fedhas.
  1625 | D:3      | Found a runed door.
  1712 | D:3      | Reached XP level 5. HP: 41/41 MP: 6/6
  1920 | D:3      | Found a burning altar of Makhleb.
  2165 | D:3      | Noticed Crazy Yiuf
  2169 | D:3      | Killed Crazy Yiuf
  2170 | D:3      | Reached skill level 4 in Maces & Flails
  2362 | D:4      | Noticed Sigmund
  2367 | D:4      | Killed Sigmund
  2368 | D:4      | Reached skill level 5 in Maces & Flails
  2368 | D:4      | Gained mutation: You are immune to rotting. [demonic
                  | ancestry]
  2368 | D:4      | Reached XP level 6. HP: 40/48 MP: 5/7
  2742 | D:4      | Found a hazy altar of Hepliaklqana.
  2871 | D:4      | Noticed a sky beast
  2914 | D:4      | HP: 1/48 [sky beast (4)]
  2924 | D:4      | Killed a sky beast
  2925 | D:4      | Reached XP level 7. HP: 21/53 MP: 5/8
  3285 | D:5      | Entered Level 5 of the Dungeon
  3364 | D:4      | Reached skill level 6 in Maces & Flails
  3451 | D:5      | Found a runed translucent gate.
  3460 | D:5      | Found a runed translucent gate.
  3460 | D:5      | Found a runed translucent gate.
  3465 | D:5      | Noticed yrara's ghost (novice DsFi)
  3468 | D:5      | Identified the +9 trident of Xitzeez {flame, MP+9}
  3475 | D:5      | Found Vaic's Distillery.
  3591 | D:5      | Found Xiuracw's Magic Scroll Shop.
  3595 | D:5      | Found Folef's Antique Weapon Shop.
  3597 | D:5      | Found Ykhlisel's Antique Weapon Shop.
  3654 | D:5      | Found Hyhiujy's Distillery.
  3671 | D:5      | Bought a potion of heal wounds for 70 gold pieces
  3697 | D:5      | Found a glowing drain.
  3712 | Sewer    | Entered a sewer
  4003 | Sewer    | Reached skill level 7 in Maces & Flails
  4003 | Sewer    | Reached XP level 8. HP: 56/60 MP: 9/9
  4243 | D:5      | Reached skill level 1 in Stealth
  4498 | D:5      | Gained mutation: You are dopey. (Int -2) [potion of
                  | mutation]
  4498 | D:5      | Gained mutation: You passively map a small area around you.
                  | [potion of mutation]
  4499 | D:5      | Lost mutation: You are dopey. (Int -2) [potion of mutation]
  4499 | D:5      | Gained mutation: You are weak. (Str -2) [potion of
                  | mutation]
  4499 | D:5      | Lost mutation: You are weak. (Str -2) [potion of mutation]
  4499 | D:5      | Gained mutation: You have razor-sharp toenails. [potion of
                  | mutation]
  4604 | D:5      | Found a hide-covered altar of Uskayaw.
  4611 | D:5      | Found an opulent altar of Gozag.
  4706 | D:5      | Became a worshipper of Gozag Ym Sagoz the Greedy
  4811 | D:5      | Bought 2 potions of heal wounds for 140 gold pieces
  5033 | D:5      | Reached skill level 5 in Armour
  5079 | D:6      | Reached skill level 8 in Maces & Flails
  5752 | D:7      | Found a staircase to the Ecumenical Temple.
  5779 | D:7      | Reached skill level 5 in Fighting
  5779 | D:7      | Mutation became permanent: You have sharp toenails.
                  | [demonic ancestry]
  5779 | D:7      | Gained mutation: You have razor-sharp toenails. [demonic
                  | ancestry]
  5779 | D:7      | Reached XP level 9. HP: 9/68 MP: 1/10
  6076 | D:7      | Reached skill level 9 in Maces & Flails
  6314 | D:7      | Found Lioc's Assorted Antiques.
  6317 | D:7      | Bought 2 orange potions for 48 gold pieces
  6467 | D:7      | Reached skill level 1 in Bows
  6657 | D:8      | Found a staircase to the Lair.
  6667 | D:8      | Reached skill level 10 in Maces & Flails
  6688 | D:8      | Noticed a troll
  6688 | D:8      | Noticed a two-headed ogre
  6880 | D:8      | Noticed a two-headed ogre
  6966 | D:7      | Lost mutation: You passively map a small area around you.
                  | [potion of mutation]
  6966 | D:7      | Gained mutation: You possess an exceptional clarity of
                  | mind. [potion of mutation]
  6966 | D:7      | Gained mutation: You are robust. (+10% HP) [potion of
                  | mutation]
  6966 | D:7      | Gained mutation: You are agile. (Dex +2) [potion of
                  | mutation]
  7014 | D:8      | Killed a two-headed ogre
  7015 | D:8      | Reached XP level 10. HP: 60/83 MP: 8/11
  7375 | D:8      | Killed a two-headed ogre
  7665 | D:8      | Reached skill level 11 in Maces & Flails
  8529 | D:9      | Noticed Maurice
  8556 | D:9      | Killed Maurice
  8623 | D:9      | Noticed Harold
  8657 | D:9      | Killed Harold
  9035 | D:9      | Found Nutos's Antique Weapon Shop.
  9059 | D:9      | Reached XP level 11. HP: 18/91 MP: 4/12
  9322 | D:9      | Noticed a two-headed ogre
  9345 | D:9      | Killed a two-headed ogre
  9346 | D:9      | Reached skill level 12 in Maces & Flails
  9861 | D:10     | Entered Level 10 of the Dungeon
  9861 | D:10     | Found Doufet's Book Emporium.
  9861 | D:10     | Noticed a deep elf knight
  9931 | Lair:1   | Entered Level 1 of the Lair of Beasts
 10192 | Lair:1   | Noticed Gastronok
 10204 | Lair:1   | Killed Gastronok
 10211 | Lair:1   | Reached skill level 5 in Bows
 10971 | Lair:1   | Reached skill level 13 in Maces & Flails
 11284 | Lair:2   | Found a runed translucent gate.
 11285 | Lair:2   | Found a runed translucent gate.
 11286 | Lair:2   | Found a runed translucent gate.
 11339 | Lair:2   | Noticed a minotaur
 11339 | Lair:2   | Noticed xsansara's ghost (journeyman GnWz)
 11369 | Lair:2   | Found a frozen archway.
 11409 | IceCv    | Entered an ice cave
 11465 | IceCv    | Noticed a white ugly thing
 11476 | IceCv    | Killed a white ugly thing
 11477 | IceCv    | Gained mutation: You may emit foul miasma when damaged in
                  | melee. [demonic ancestry]
 11477 | IceCv    | Reached XP level 12. HP: 100/100 MP: 13/13
 12378 | Lair:2   | Found a staircase to the Shoals.
 13269 | Lair:3   | Noticed a catoblepas
 13308 | Lair:3   | Killed a catoblepas
 13356 | Lair:3   | Reached skill level 14 in Maces & Flails
 13937 | D:7      | Bought the +5 demon whip "Spellbinder" {antimagic, MR+} for
                  | 2230 gold pieces
 13937 | D:7      | Found the +5 demon whip "Spellbinder" {antimagic, MR+}
 14163 | Lair:4   | Found a staircase to the Snake Pit.
 14279 | Lair:4   | Reached XP level 13. HP: 108/108 MP: 7/14
 14662 | Lair:4   | Got a brightly glowing brass ring
 15069 | Lair:4   | Identified the ring "Plog" {Ice MR+} (You found it on level
                  | 4 of the Lair of Beasts)
 15953 | Lair:6   | Entered Level 6 of the Lair of Beasts
 16283 | Lair:6   | Found a staircase to the Elven Halls.
 16470 | Lair:6   | Splashed by an oklob plant's acid

Skill      XL: |  1  2  3  4  5  6  7  8  9 10 11 12 13 |
---------------+----------------------------------------+-----
Maces & Flails | 2 3 5 7 8 10 11 13 14 | 14.8
Armour         | 3 4 5 6 7 8 9 |  9.4
Dodging        | 1 2 3 |  3.5
Fighting       | 4 5 6 7 8 9 |  9.3
Stealth        | 1 |  1.6
Bows           | 2 4 5 7 8 |  8.2
Shields        | |  2.6
Evocations     | |  0.8

Action                   |  1- 3 |  4- 6 |  7- 9 | 10-12 | 13-15 || total
-------------------------+-------+-------+-------+-------+-------++-------
Melee: Flail             |    90 |   131 |   444 |       |       ||   665
       Kick              |    18 |    35 |   130 |   141 |       ||   324
       Dire flail        |       |       |    50 |   662 |       ||   712
       Demon whip        |       |       |       |    57 |   195 ||   252
 Fire: Shortbow          |       |       |       |    35 |       ||    35
Evoke: Wand              |       |       |       |     5 |       ||     5
  Use: Scroll            |     5 |     3 |    11 |     9 |     1 ||    29
       Potion            |       |     2 |     5 |     1 |       ||     8
 Stab: Sleeping          |       |       |     1 |       |       ||     1
       Petrified         |       |       |       |     4 |       ||     4
       Confused          |       |       |       |       |     1 ||     1
  Eat: Chunk             |     3 |     7 |     8 |       |       ||    18
       Ration            |       |     1 |     5 |    10 |     3 ||    19
Armor: Scale mail        |    55 |    82 |   124 |       |       ||   261
       Chain mail        |       |       |   284 |   354 |    93 ||   731
Dodge: Dodged            |    51 |    61 |   294 |   277 |    64 ||   747
